[Event "GCT Superbet Romania 2024"]
[Site "Bucharest"]
[Date "2024.06.26"]
[Round "1.1"]
[White "Firouzja, Alireza"]
[Black "Caruana, Fabiano"]
[Result "0-1"]
[ECO "A45"]
[WhiteElo "2737"]
[BlackElo "2805"]
[Annotator "TA"]
[PlyCount "118"]
[EventDate "2024.06.24"]
[EventType "tourn"]
[EventCountry "ROU"]
[SourceTitle "playchess.com"]
[Source "ChessBase"]
[SourceQuality "1"]
[TimeControl "7200+30"]

1. d4 Nf6 2. Bf4 b6 (2... d5 3. e3 c5 4. Nf3 Nc6 5. Nbd2 Bg4 6. c3 e6 7. Qb3 Qc8 8. h3 Bh5 9. Be2 Be7 10. g4 Bg6 11. Nh4 Be4 12. f3 c4 13. Qd1 Nh5 14. gxh5 Bxh4+ {½-½ Firouzja,A (2737)-Caruana,F (2805) Norway Chess 12th 2024 (2)}) 3. c4 Bb7 4. Nc3 d6 5. Nf3 g6 6. d5 {[%emt 0:04:03] A45: Trompowsky Attack.} Bg7 7. e4 O-O 8. Bd3 e5 $146 ({Predecessor:} 8... Nbd7 9. O-O e6 10. Rc1 Nc5 11. Bb1 a5 12. b3 Re8 13. Re1 Qd7 14. Qd2 exd5 15. exd5 Rxe1+ 16. Rxe1 {½-½ Bindl,R (2054)-Schmid,P (2074) Mittelfrank Regionalliga Sud-West 2223 2022 (7.2)}) 9. Bd2 a5 10. a3 Na6 11. Bc2 c5 12. Bg5 h6 13. Be3 Nc7 14. h3 Bc8 15. Qd2 Kh7 16. g4 Rb8 17. g5 hxg5 18. Bxg5 b5 19. h4 Bg4 20. Bd1 Qd7 21. h5 Nxh5 22. Nh4 Bxd1 23. Qxd1 Rh8 24. Nf5 gxf5 25. Qxh5+ Kg8 26. Qf3 Rxh1+ 27. Qxh1 f6 28. Bd2 b4 29. axb4 axb4 30. Ne2 {[%emt 0:01:36] [#]} (30. Nb5 $11) 30... f4 $1 $17 31. Ng1 Qg4 32. Kf1 Ra8 33. Rxa8+ Nxa8 34. Qf3 {[%emt 0:00:38] [#]} (34. f3 $142 Qg5 35. b3) 34... f5 $1 $17 35. Qxg4 (35. exf5 $17 Qxf5 36. b3) 35... fxg4 $19 36. f3 Nb6 37. b3 Nd7 38. Be1 $2 (38. Kg2 gxf3+ 39. Kxf3) 38... gxf3 $19 39. Nxf3 Nf6 40. Nd2 Kf7 41. Kg2 Ng4 42. Kf3 Ne3 43. Bf2 Nc2 44. Kg4 Kg6 45. Nf3 Na1 46. Nd2 Bf6 47. Bg1 Be7 48. Bf2 Bg5 49. Be1 Bd8 50. Bf2 Be7 51. Bg1 Bg5 52. Bf2 Bh6 53. Bh4 $2 (53. Kf3) 53... f3 $19 54. Nxf3 Kf7 55. Bg3 Nxb3 56. Bxe5 dxe5 57. Nxe5+ Ke7 58. Nd3 Be3 59. e5 Nd2 (59... Na5 $142 60. Kf5 Nxc4 61. d6+ Kd7 62. Ke4 Ke6 63. d7 Kxd7 64. Kd5 Nb6+ 65. Ke4 Bg1 66. Kf5 b3 67. e6+ Ke7 68. Nb2 Bd4 69. Nd3 c4 70. Nb4 b2 71. Nc6+ Kd6 72. Nxd4 b1=Q+ (72... b1=B+ $2 73. Kf4 $19) 73. Kf4 Nd5+ 74. Kg4 Qg1+ 75. Kf3 Qxd4 76. Ke2 Kxe6 77. Kf3 Qe3+ 78. Kg4 Kf6 79. Kh4 Kf5 80. Kh5 Qh3#) 0-1

[Event "GCT Superbet Romania 2024"]
[Site "Bucharest"]
[Date "2024.06.26"]
[Round "1.2"]
[White "Abdusattorov, Nodirbek"]
[Black "Praggnanandhaa R"]
[Result "1/2-1/2"]
[ECO "C78"]
[WhiteElo "2766"]
[BlackElo "2747"]
[Annotator "TA"]
[PlyCount "127"]
[EventDate "2024.06.24"]
[EventType "tourn"]
[EventCountry "ROU"]
[SourceTitle "playchess.com"]
[Source "ChessBase"]
[SourceQuality "1"]
[TimeControl "7200+30"]

1. e4 e5 2. Nf3 Nc6 3. Bb5 a6 4. Ba4 Nf6 5. O-O Bc5 6. c3 b5 7. Bb3 d6 8. a4 b4 {[%emt 0:02:48] C78: Ruy Lopez: Archangelsk and Möller Defences.} 9. d4 Ba7 10. dxe5 Nxe5 11. Nxe5 dxe5 12. Qc2 $146 ({Predecessor:} 12. Qxd8+ Kxd8 13. cxb4 Rb8 14. b5 Ke7 15. Nc3 Rd8 16. Bc4 axb5 17. Nxb5 Bc5 18. Nxc7 {0-1 Kraemer,M (2574)-Kollars,D (2598) Hobbits Invitational blitz 2021 (2.23)}) 12... O-O 13. cxb4 Rb8 14. b5 axb5 15. axb5 Bd4 16. Nc3 Bd7 17. Bc4 Bxc3 18. bxc3 Bxb5 19. Rd1 Qc8 20. Bb3 Bd7 21. Ra5 Qb7 22. Bc4 Bc6 23. Bf1 ({Reject} 23. Rxe5 Bxe4 24. Qa2 Ra8 $15 (24... Bxg2 25. Qa6 $17)) 23... Bxe4 24. Qe2 Rfe8 25. Bg5 Qc6 26. Qe3 Qb6 27. Qxb6 cxb6 28. Ra7 h6 29. Bh4 Rbd8 30. Re1 Bd3 31. Rb7 Bxf1 32. Kxf1 Rd6 33. Bxf6 Rxf6 34. h4 g6 35. g3 Rc6 36. Re3 Ree6 37. Rf3 Rf6 38. Re3 Kg7 39. Re7 Rfe6 40. Rxe5 Rxe7 41. Rxe7 Rxc3 42. Rb7 Rb3 43. Kg2 h5 44. Rc7 {[%emt 0:00:26] [#]} (44. f3 $15) 44... Kf6 ({Black should try} 44... b5 $1 $17 45. Rc6 b4) 45. f3 $1 $15 Rb4 46. Kh3 b5 47. Rb7 Rb3 48. Kg2 Rb2+ $1 49. Kh3 $1 Rb3 (49... Rf2 $1 $15) 50. Kg2 $11 Rb2+ (50... b4 $11) 51. Kh3 $1 $15 b4 ({Better is} 51... Rf2 $1 $15) 52. g4 $11 b3 53. gxh5 gxh5 54. Rb5 $1 Rb1 55. Kg3 $1 Ke6 56. Kf4 $1 b2 57. Rb6+ Kd5 58. Kf5 Kd4 59. f4 Kc3 60. Rc6+ Kd2 61. Rb6 Kc3 62. Rc6+ Kd2 63. Rb6 Kc3 64. Rc6+ 1/2-1/2

[Event "GCT Superbet Romania 2024"]
[Site "Bucharest"]
[Date "2024.06.26"]
[Round "1.3"]
[White "Vachier-Lagrave, Maxime"]
[Black "Nepomniachtchi, Ian"]
[Result "1/2-1/2"]
[ECO "C42"]
[WhiteElo "2732"]
[BlackElo "2770"]
[Annotator "TA"]
[PlyCount "74"]
[EventDate "2024.06.24"]
[EventType "tourn"]
[EventCountry "ROU"]
[SourceTitle "playchess.com"]
[Source "ChessBase"]
[SourceQuality "1"]
[TimeControl "7200+30"]

1. e4 e5 2. Nf3 Nf6 3. Nxe5 d6 4. Nf3 Nxe4 5. d4 d5 6. Bd3 Bd6 7. O-O O-O 8. Re1 Bf5 9. c4 c6 10. Qb3 Qd7 11. c5 Bc7 {[%emt 0:00:06] The position is equal.} 12. Nbd2 Re8 13. Nh4 {[%emt 0:03:10] [#] Nxf5 would now be deadly.} Be6 14. Qc2 Na6 15. a3 {[%emt 0:00:23] Against Nb4} Bg4 16. Nxe4 dxe4 17. Rxe4 Rxe4 18. Bxe4 Qxd4 19. Be3 (19. Bxh7+ Kh8 20. g3 Re8) 19... Qf6 20. Bxh7+ (20. Nf5 {simplifies} h6 21. h3 Bxf5 22. Bxf5 Be5 23. Bh7+) 20... Kh8 21. g3 g6 22. Qe4 Qe6 $1 23. Bxg6 fxg6 24. Nxg6+ Kg7 $1 25. Bd4+ Kf7 26. Ne5+ Bxe5 27. Bxe5 Bf5 (27... Nxc5 $2 {too greedy.} 28. Qh7+ Ke8 29. Qh8+ Kf7 30. Qg7+ (30. Qxa8 Qxe5 31. Qd8 Nb3 $17) 30... Ke8 31. f3 Bxf3 32. Rf1 $18) 28. Qf4 Nxc5 29. Rd1 {[%emt 0:01:18] [#] Repels Nd3. Strongly threatening Rd6.} Re8 30. Bc3 Ne4 {[%emt 0:03:45] Against Rd6. And now ...Nxc3 would win.} 31. g4 $1 Nxc3 32. bxc3 Rg8 33. h3 {[%emt 0:00:59] Hoping for Kh2.} Qf6 $1 34. Qc7+ Qe7 35. Qf4 Qf6 36. Qc7+ Qe7 37. Qf4 Qf6 {[%emt 0:00:21] A balanced but interesting game.   Weighted Error Value: White=0.03 (flawless) /Black=0.02 (flawless) .  Inaccurate:     	White=1     	---        OK:         	White=13    	Black=8      Best:        	White=5     	Black=11     Strong:       	White=1     	Black=3} 1/2-1/2

[Event "GCT Superbet Romania 2024"]
[Site "Bucharest"]
[Date "2024.06.26"]
[Round "1.4"]
[White "Gukesh D"]
[Black "Deac, Bogdan-Daniel"]
[Result "1-0"]
[ECO "E46"]
[WhiteElo "2763"]
[BlackElo "2680"]
[Annotator "TA"]
[PlyCount "99"]
[EventDate "2024.06.24"]
[EventType "tourn"]
[EventCountry "ROU"]
[SourceTitle "playchess.com"]
[Source "ChessBase"]
[SourceQuality "1"]
[TimeControl "7200+30"]

1. d4 Nf6 2. c4 e6 3. Nc3 Bb4 4. e3 O-O 5. Bd2 c5 6. d5 d6 7. Bd3 exd5 8. cxd5 {[%emt 0:00:08] Black has an edge.} Nbd7 9. Nge2 Ne5 10. Bc2 Rb8 11. O-O b5 12. a3 Ba5 13. h3 Re8 14. Ng3 Nc4 15. Bc1 Bxc3 16. bxc3 Qa5 17. Rb1 Qxc3 18. Rb3 Qe5 19. e4 h5 {[%emt 0:11:35] And now ...h4 would win.} 20. Bd3 $1 {[%emt 0:09:46] [#] Threatens to win with Bxc4.} Bd7 {[%emt 0:19:23] Hoping for ...h4.} 21. f4 Qd4+ 22. Kh1 {[%emt 0:03:42][%cal Og3e2] Black must now prevent Ne2!} Nxe4 23. Bxe4 (23. Nxe4 $11 {was the only way to keep the balance.} Rxe4 24. Bxe4 Qxe4 25. Qxh5) 23... Rxe4 24. Nxe4 Qxe4 25. Re1 ({Better is} 25. Qxh5 $15 g6 26. Qg5 (26. Rg3 Bf5 $17)) 25... Qh7 26. Re7 Rd8 {[%emt 0:00:29] [#]} (26... Qf5 $1 $15) 27. a4 $1 Kf8 28. Qe2 Nb6 29. axb5 (29. f5 $1 $11 {keeps the balance.} Nxd5 30. Rxd7 Rxd7 31. Qf3) 29... Nxd5 $17 30. Re4 Qf5 (30... Bxb5 $15 31. Qe1 (31. Rxb5 $2 Nc3 $19) 31... Bc6) 31. Ra4 $11 Re8 32. Qd1 Nb4 $2 (32... Kg8 $11 {and Black has nothing to worry.}) 33. Rxa7 $18 Bxb5 34. Qxd6+ Kg8 35. Kh2 Bd3 $2 ({Don't blunder} 35... Qc2 $2 36. Rg3 h4 (36... Qxc1 37. Qf6) 37. Rg5 $18) (35... Nc6) 36. Rc3 Rc8 (36... Re6 $142 37. Qxc5 Re2) 37. Be3 (37. Rc7 $142 Rxc7 38. Qxc7) 37... Nd5 38. Rxc5 Rxc5 39. Qxc5 (39. Bxc5 Qxf4+ 40. Qxf4 Nxf4) 39... Be4 40. Ra4 (40. Ra8+ $18 Kh7 41. Ra6) 40... Kh7 ({Black should play} 40... Bxg2 $14 41. Ra8+ Kh7 42. Kxg2 Nxf4+ 43. Kf3 Nd5+ 44. Ke2 Nf4+ 45. Kd2 Qd3+ 46. Kc1 Qf1+ 47. Kc2 Qg2+ 48. Kc3 Qxa8 49. Bxf4 Qh1 (49... Qf3+ 50. Qe3 $14)) 41. Ra2 Qg6 42. Bc1 Nf6 43. Qf2 Nd5 44. Qg3 Qxg3+ 45. Kxg3 {[%emt 0:00:02] KRB-KBN} Ne7 46. Kh4 Bd5 47. Rd2 g6 $2 (47... f6 {might work better.} 48. Kxh5 Be4) 48. Kg5 {[%emt 0:00:20] Strongly threatening Ba3. White is clearly winning.} Be6 49. Bb2 Ng8 50. Rd8 {[%emt 0:00:33] Weighted Error Value: White=0.25 (precise) /Black=0.39.  Loses game:     	---       	Black=1      Mistake:       	White=5     	Black=6      Inaccurate:     	White=2     	Black=5      OK:         	White=19    	Black=15     Best:        	White=4     	Black=2      Strong:       	White=1     	---} 1-0

[Event "GCT Superbet Romania 2024"]
[Site "Bucharest"]
[Date "2024.06.26"]
[Round "1.5"]
[White "Giri, Anish"]
[Black "So, Wesley"]
[Result "1/2-1/2"]
[ECO "E05"]
[WhiteElo "2745"]
[BlackElo "2757"]
[Annotator "TA"]
[PlyCount "59"]
[EventDate "2024.06.24"]
[EventType "tourn"]
[EventCountry "ROU"]
[SourceTitle "playchess.com"]
[Source "ChessBase"]
[SourceQuality "1"]
[TimeControl "7200+30"]

1. d4 Nf6 2. c4 e6 3. Nf3 d5 4. g3 Be7 5. Bg2 O-O 6. O-O dxc4 7. Qc2 a6 8. a4 Bd7 9. Qxc4 Bc6 10. Bf4 a5 11. Nc3 Nbd7 12. Qb3 Bd6 {[%emt 0:08:47] The position is equal.} 13. Bd2 Ne4 14. Nxe4 Bxe4 15. Ng5 Bxg2 16. Kxg2 h6 17. Nf3 b6 18. Rad1 Qe7 19. e4 Bb4 20. Bxb4 Qxb4 21. Qxb4 axb4 22. b3 c5 23. Rc1 cxd4 24. Nxd4 Nc5 25. Rc4 Rfd8 26. Rb1 Rac8 27. Rbc1 (27. Rxb4 $2 Nd3 (27... Nxe4 28. Nxe6 fxe6 29. Rxe4 $18) 28. Nxe6 fxe6 $19 (28... Nxb4 $2 29. Nxd8 Rxd8 30. Rc1 $19)) 27... Ra8 {[%emt 0:00:58][%cal Od8d4] [#] Strongly threatening ...Rxd4!} 28. Rb1 (28. Rxb4 Nd3 (28... Nxe4 $2 29. Nc6 $18) 29. Rcc4 Nxb4 30. Rxb4 Rac8 $11) 28... Rac8 29. Rbc1 {[%emt 0:00:03] Threatens to win with a5.} (29. Rxb4 $2 {loses.} Nd3 (29... Nxe4 30. Nxe6 fxe6 31. Rxe4 $18) 30. Nxe6 fxe6 $19 (30... Nxb4 $2 31. Nxd8 Rxd8 32. Rc1 $19)) 29... Ra8 {[%emt 0:00:06][%cal Od8d4] And now ...Rxd4! would win.} 30. Rb1 {[%emt 0:00:36] Weighted Error Value: White=0.07 (flawless) /Black=0.04 (flawless) .  Inaccurate:     	White=1     	Black=2      OK:         	White=8     	Black=10} (30. Rxb4 Nd3 (30... Nxe4 $2 {is the wrong capture.} 31. Nc6 $18) 31. Rcc4 Nxb4 32. Rxb4 Rac8 $11) 1/2-1/2

[Event "GCT Superbet Romania 2024"]
[Site "Bucharest"]
[Date "2024.06.27"]
[Round "2.1"]
[White "Nepomniachtchi, Ian"]
[Black "Gukesh D"]
[Result "1/2-1/2"]
[ECO "C64"]
[WhiteElo "2770"]
[BlackElo "2763"]
[Annotator "TA"]
[PlyCount "179"]
[EventDate "2024.06.24"]
[EventType "tourn"]
[EventCountry "ROU"]
[SourceTitle "playchess.com"]
[Source "ChessBase"]
[SourceQuality "1"]
[TimeControl "7200+30"]

1. e4 e5 2. Nf3 Nc6 3. Bb5 a6 4. Ba4 Bc5 5. O-O Nge7 6. c3 Ng6 {[%emt 0:00:15] 6...Ba7 is a critical line. C64: Ruy Lopez: Classical Defence (3...Bc5) except 4 0-0 Nf6.} 7. d4 Ba7 8. Bg5 f6 9. Be3 O-O 10. Re1 Kh8 11. h3 Nce7 12. Bb3 d6 13. Nbd2 exd4 $146 ({Predecessor:} 13... Bd7 14. Nf1 c5 15. a4 Rc8 16. dxc5 dxc5 17. a5 Qc7 18. Bc4 Rcd8 19. N1d2 h6 {0-1 Hou,Y (2658)-Indjic,A (2607) Indjic-Hou Yifan Blitz 2021 (7)}) 14. Nxd4 d5 15. Nc2 Bxe3 16. Nxe3 dxe4 17. Nxe4 b6 18. Qc2 Bb7 19. Rad1 Qe8 20. c4 Qc6 21. Nd5 Nxd5 22. cxd5 Qxc2 23. Bxc2 Rad8 24. d6 Bxe4 25. Bxe4 Rxd6 26. Rxd6 cxd6 27. Rc1 Nf4 28. Rc6 d5 29. Bf3 Rb8 30. Rd6 a5 31. b3 f5 32. h4 g6 33. g3 Nd3 34. Rxd5 Nb4 35. Rd2 Rc8 36. a3 Nc2 37. Rd6 Rc3 38. Bd1 Nxa3 39. Rxb6 Rc1 40. Rd6 Nb5 41. Rd8+ Kg7 42. Kg2 Nc3 43. Bf3 a4 44. Rd7+ Kh8 (44... Kh6 $11 45. bxa4 Nxa4) 45. bxa4 $14 Nxa4 46. h5 Nc5 47. Re7 (47. Rf7 $16 {h6 would now be deadly.} Kg8 48. Bd5 gxh5 49. Rxf5+ Kg7 50. Rxh5) 47... gxh5 $1 $14 48. Bxh5 Nb3 49. Rd7 Rc4 50. Bf7 Rb4 51. Kh3 (51. Bd5 $16) 51... f4 $11 52. g4 Nc5 53. Rd8+ Kg7 54. Bd5 h6 55. Rg8+ Kh7 56. Rf8 Rd4 57. Rf5 Nd3 58. Kg2 Kg7 59. Kf3 Ne1+ 60. Ke2 Nc2 61. Bb3 Nb4 62. Bf7 Nc6 63. Bh5 Nd8 64. Kf1 Rb4 65. Kg2 Rd4 66. Ra5 Ne6 67. Ra7+ Kf6 68. Ra6 Ke5 69. Ra5+ Rd5 70. Ra8 Kf6 71. Ra6 Ke7 72. Bg6 Rg5 73. Bf5 Nd4 74. Bc8 h5 75. Ra4 Nc6 76. Kf3 hxg4+ 77. Kxf4 Rb5 78. Ra6 Nb4 79. Ra7+ Kf6 80. Bxg4 Nd3+ 81. Kg3 Rb3 82. Ra6+ Kg5 83. f3 Ne5 84. Ra5 Kf6 85. Bh5 Kf5 86. Bg4+ Kf6 87. Ra6+ Kg5 88. Ra5 Kf6 89. Ra6+ Kg5 90. Ra5 1/2-1/2

[Event "GCT Superbet Romania 2024"]
[Site "Bucharest"]
[Date "2024.06.27"]
[Round "2.2"]
[White "Deac, Bogdan-Daniel"]
[Black "Giri, Anish"]
[Result "1/2-1/2"]
[ECO "D19"]
[WhiteElo "2680"]
[BlackElo "2745"]
[Annotator "TA"]
[PlyCount "109"]
[EventDate "2024.06.24"]
[EventType "tourn"]
[EventCountry "ROU"]
[SourceTitle "playchess.com"]
[Source "ChessBase"]
[SourceQuality "1"]
[TimeControl "7200+30"]

1. Nf3 d5 2. d4 Nf6 3. c4 c6 4. Nc3 dxc4 5. a4 Bf5 6. e3 e6 7. Bxc4 Bb4 8. O-O O-O 9. Qe2 Bg6 10. Ne5 Nbd7 11. Nxg6 hxg6 12. Rd1 Qc7 $1 {[%emt 0:00:10][%mdl 4] is currently scoring better than 12...Qa5.} 13. Bd2 {[%emt 0:06:53] D19: Slav Defence: 5 a4 Bf5 6 e3: Main line with 9 Qe2.} Rad8 14. h3 Nb6 15. Bb3 a5 16. Qd3 $146 ({Predecessor:} 16. Be1 e5 17. dxe5 Qxe5 18. Rxd8 Rxd8 19. Rd1 Rxd1 20. Qxd1 {½-½ Naumkin,I (2397)-Velten,P (2456) Agneaux St Lo op 18th 2017 (7.1)}) 16... Qe7 17. Rac1 Rfe8 18. Qc2 Rd7 19. Nb1 g5 20. Bxb4 Qxb4 21. Nd2 g4 22. hxg4 Nxg4 23. Qc5 Qxc5 $1 24. Rxc5 Ra8 25. Kf1 g6 26. Ke2 Kg7 27. Rg5 Nf6 28. Nf3 Ne4 29. Rg4 Nf6 30. Rh4 Rdd8 31. Ng5 Rh8 32. Rdh1 Rxh4 33. Rxh4 Nbd7 34. e4 Nf8 $1 35. e5 Ng8 $1 36. Rf4 Nh6 37. Bc2 Rd8 38. g4 Nh7 39. Nf3 Ng8 40. Re4 Ne7 41. Bb3 b5 42. Re3 Rb8 43. axb5 Rxb5 44. Kd1 a4 45. Bxa4 Rxb2 46. Bc2 Rb7 47. Rc3 Kh6 48. Ke2 Rb2 49. Kd1 Rb7 50. Ke2 Rb2 51. Kd1 Rb7 52. Ke2 Rb2 53. Kd1 Rb7 54. Ke2 Rb2 55. Kd1 1/2-1/2

[Event "GCT Superbet Romania 2024"]
[Site "Bucharest"]
[Date "2024.06.27"]
[Round "2.3"]
[White "Caruana, Fabiano"]
[Black "So, Wesley"]
[Result "1/2-1/2"]
[ECO "A20"]
[WhiteElo "2805"]
[BlackElo "2757"]
[Annotator "TA"]
[PlyCount "113"]
[EventDate "2024.06.24"]
[EventType "tourn"]
[EventCountry "ROU"]
[SourceTitle "playchess.com"]
[Source "ChessBase"]
[SourceQuality "1"]
[TimeControl "7200+30"]

1. c4 e5 2. d3 (2. Nc3 Bb4 3. Nd5 Be7 4. Nf3 d6 5. g3 Nf6 6. Nc3 O-O 7. Bg2 Re8 8. d4 Nc6 9. d5 Nb8 10. O-O a5 11. e4 Na6 12. h3 Nc5 13. Qc2 h6 14. Be3 Nfd7 15. b3 Bg5 16. Nxg5 hxg5 {1-0 Caruana,F (2804)-So,W (2757) American Cup Blitz 2024 (7)}) 2... Nf6 3. Nf3 Nc6 4. a3 g6 5. g3 Bg7 6. Bg2 {[%emt 0:00:18] A20: English Opening: 1...e5.} d5 7. cxd5 Nxd5 8. O-O O-O 9. Bd2 a5 10. Nc3 Nf6 $146 ({Predecessor:} 10... Nb6 11. Qc1 Re8 12. Bh6 Nd4 13. Bxg7 Kxg7 14. Nd2 c6 15. e3 Ne6 16. Nc4 Nc5 17. Qc2 {½-½ Ponizil,C (2226)-Krcal,M (2217) CZE-chT2e 0607 2006 (1.1)}) 11. Rc1 Re8 12. Nb5 h6 13. Be3 Nd5 14. Bc5 Nb8 15. e4 Nf6 16. a4 b6 17. Ba3 Na6 18. d4 Bb7 19. Nxe5 Bxe4 20. Bxe4 Nxe4 21. Nxf7 Qd5 22. Ne5 Ng5 23. h4 Rxe5 24. dxe5 Nf3+ 25. Kh1 Qb7 26. Rc3 Nd2+ 27. Kh2 Nxf1+ 28. Qxf1 Qe4 29. f4 (29. Nxc7 Nxc7 30. Rxc7 Bxe5) 29... Rd8 30. Qc4+ (30. Nxc7 $2 {too greedy.} Rd2+ 31. Kh3 Nxc7 32. Qc4+ (32. Rxc7 $2 Re2 $19) 32... Qd5 $19 (32... Qxc4 $2 33. Rxc4 Nd5 34. b4 $19)) 30... Qxc4 31. Rxc4 c5 32. h5 gxh5 33. Re4 Bf8 {[%emt 0:02:20] [#]} 34. Kg2 $1 Kf7 {[%emt 0:00:30] [#]} 35. f5 $1 Be7 36. b3 Nb4 (36... Rd3 $142 37. Re2 Bg5) 37. Bc1 Bg5 38. Nd6+ Ke7 39. Bf4 Nc6 (39... Nc2 {might work better.} 40. Kh3 Nb4) 40. Nb5 $2 ({Better is} 40. Re3 $18) 40... Nd4 41. f6+ Kf7 $1 42. Nxd4 cxd4 43. e6+ Kxf6 44. Bc7 (44. Bxg5+ hxg5 45. e7 Re8 46. Rxd4 Rxe7 $11) (44. e7 $5 Re8 $8 45. Rxd4 $11) 44... Re8 45. Bxb6 d3 (45... Rxe6 {simplifies} 46. Bxd4+ Kf5 47. Rxe6 Kxe6 48. Bb6 Bd2) 46. Bxa5 d2 (46... Rxe6 {simplifies} 47. Rxe6+ Kxe6 48. Kf3 Kd5) 47. Rd4 Rxe6 48. Kf3 (48. Bxd2 $2 {perishes.} Re2+ 49. Kh3 Rxd2 $19 (49... Bxd2 $2 50. Rd5 $19)) 48... Re3+ 49. Kf2 Rxb3 50. Bxd2 Bxd2 51. Rxd2 Ra3 52. Rd4 Kg5 53. Kg2 Ra1 54. Rd5+ Kg4 55. Rd4+ Kg5 56. Rd5+ Kg4 57. Rd4+ 1/2-1/2

[Event "GCT Superbet Romania 2024"]
[Site "Bucharest"]
[Date "2024.06.27"]
[Round "2.4"]
[White "Praggnanandhaa R"]
[Black "Vachier-Lagrave, Maxime"]
[Result "1/2-1/2"]
[ECO "B31"]
[WhiteElo "2747"]
[BlackElo "2732"]
[Annotator "TA"]
[PlyCount "98"]
[EventDate "2024.06.24"]
[EventType "tourn"]
[EventCountry "ROU"]
[SourceTitle "playchess.com"]
[Source "ChessBase"]
[SourceQuality "1"]
[TimeControl "7200+30"]

1. e4 c5 2. Nf3 Nc6 3. Bb5 g6 4. O-O Bg7 5. Bxc6 bxc6 6. Re1 Qc7 $1 {[%emt 0:00:35][%mdl 4] is recently more successful than 6...Nh6. B31: Sicilian: 2...Nc6 3 Bb5 g6.} 7. d3 e5 8. c3 Nf6 9. d4 cxd4 10. cxd4 exd4 11. Qxd4 O-O $1 12. e5 Nd5 13. Nc3 Nxc3 14. Qxc3 d5 15. h3 Re8 $146 ({Predecessor:} 15... Bf5 16. Nd4 Bxe5 17. Rxe5 Qxe5 18. Nxf5 Qxf5 19. Bh6 f6 20. Bxf8 Rxf8 {½-½ Korolev,D (2399)-Eremin,V (2402) Champion's League 2021/A email}) 16. Bf4 Be6 17. Rac1 Rac8 18. Nd4 Qb7 ({Much worse is} 18... c5 19. Nb5 Qb6 20. Nd6 $14) 19. Nb3 d4 20. Nxd4 Bxa2 21. Nxc6 Be6 22. Red1 Bf8 23. Qf3 Qxb2 24. Nxa7 Rxc1 25. Rxc1 Qa3 26. Qc6 (26. Qxa3 {simplifies} Bxa3 27. Rd1 Bb2 28. Nc6) 26... Rb8 27. Qc7 Rb4 28. Be3 Rb3 29. Re1 Rc3 30. Qb6 Rb3 31. Qc7 Rc3 32. Qb6 Rb3 33. Qd4 Rd3 34. Qa1 Qxa1 35. Rxa1 h6 36. Nc6 Bd5 37. Ra6 Ra3 38. Rb6 Rb3 39. Rxb3 Bxb3 40. Nd4 Bc4 41. g4 h5 42. gxh5 gxh5 43. Kg2 Kh7 44. Kg3 Kg6 45. f4 Be6 46. Kg2 Bd7 47. Kg3 Be6 48. Kg2 Bd7 49. Kg3 Be6 1/2-1/2

[Event "GCT Superbet Romania 2024"]
[Site "Bucharest"]
[Date "2024.06.27"]
[Round "2.5"]
[White "Firouzja, Alireza"]
[Black "Abdusattorov, Nodirbek"]
[Result "1-0"]
[ECO "D10"]
[WhiteElo "2737"]
[BlackElo "2766"]
[Annotator "TA"]
[PlyCount "75"]
[EventDate "2024.06.24"]
[EventType "tourn"]
[EventCountry "ROU"]
[SourceTitle "playchess.com"]
[Source "ChessBase"]
[SourceQuality "1"]
[TimeControl "7200+30"]

1. d4 d5 2. c4 c6 3. cxd5 cxd5 4. Bf4 Nf6 5. e3 Nc6 6. Bb5 Bd7 7. Nc3 a6 8. Be2 {[%emt 0:04:35] The position is equal.} e6 9. Nf3 Be7 10. h3 O-O 11. O-O Qb6 12. a3 Rfc8 13. Na4 Qa7 14. b4 b6 15. Qb3 Ne4 16. Bd3 Qb7 17. Bxe4 dxe4 18. Nd2 b5 (18... Na7 $11) 19. Nc3 a5 (19... f5 $11) 20. Ncxe4 Ra6 21. Nc5 {[%emt 0:08:06] White is more active.} Bxc5 22. bxc5 ({Of course not} 22. dxc5 $6 Rca8 $11) 22... e5 23. dxe5 Be6 {[%emt 0:01:27] [#]} (23... Nd8 $16) 24. Qb2 $1 $18 b4 25. Ne4 {[%emt 0:02:16] Threatens to win with Nd6.} Rb8 26. a4 b3 27. Nd6 Qa7 28. Rfc1 (28. Qc3 $142) 28... Rb4 $2 {[%emt 0:13:05] [#] This move loses the game for Black.} (28... Nb4 $16) 29. e4 Nd4 30. Be3 Nc2 31. Rxc2 bxc2 32. Qxc2 Qd7 (32... h6 $142 33. f4 (33. c6 Qc7 $18) 33... Qa8) 33. Bd2 Rb8 34. f4 Bxh3 35. gxh3 {[%emt 0:03:04] White is clearly winning.} ({Resist} 35. Qd3 Rc6 36. Qxh3 Qxh3 37. gxh3 Rxc5 $18) 35... Qxh3 36. Qc3 {[%emt 0:00:08] Dodges Qg3+} Qg4+ 37. Kf2 Rc6 38. Nf5 {[%emt 0:01:39] Wards off Qh4+.   Weighted Error Value: White=0.07 (flawless) /Black=0.36.  Loses game:     	---       	Black=1      Mistake:       	White=1     	Black=4      Inaccurate:     	White=1     	Black=2      OK:         	White=15    	Black=13     Best:        	White=1     	Black=1} 1-0

[Event "GCT Superbet Romania 2024"]
[Site "Bucharest"]
[Date "2024.06.28"]
[Round "3.1"]
[White "Gukesh D"]
[Black "Praggnanandhaa R"]
[Result "1/2-1/2"]
[ECO "E04"]
[WhiteElo "2763"]
[BlackElo "2747"]
[Annotator "RC"]
[PlyCount "161"]
[EventDate "2024.06.24"]
[EventType "tourn"]
[EventCountry "ROU"]
[SourceTitle "playchess.com"]
[Source "ChessBase"]
[SourceQuality "1"]
[TimeControl "7200+30"]

1. d4 Nf6 2. c4 e6 3. g3 d5 4. Bg2 dxc4 5. Nf3 Bb4+ 6. Bd2 a5 7. a3 Bxd2+ 8. Nbxd2 b5 9. b3 cxb3 10. Qxb3 c6 11. O-O O-O 12. Qb2 Nbd7 13. Rfc1 Bb7 14. Ne1 e5 15. dxe5 Nxe5 16. Qxe5 Qxd2 17. Rd1 Qh6 18. Qc7 Rfb8 19. Nd3 Nd5 20. Qe5 Re8 21. Qb2 Qd6 22. Rac1 Qe7 23. Nc5 Bc8 24. e3 b4 25. Bxd5 cxd5 26. axb4 axb4 27. Qxb4 Be6 28. Qd4 Red8 29. Nd3 h6 30. Nf4 Bg4 31. Rd2 Bf3 32. Rdc2 Qd7 33. Nd3 Qh3 34. Ne1 Be4 35. Rd2 Qh5 36. Qc5 Rd7 37. Rcd1 Rda7 38. f3 Ra5 39. Qd4 Bxf3 40. Nxf3 Qxf3 41. Qf4 Qh5 42. e4 dxe4 43. Rd8+ Rxd8 44. Rxd8+ Kh7 45. Qxe4+ g6 46. Rd2 Qh3 47. Qe1 Qc8 48. Rf2 Qc5 49. Kg2 Qc6+ 50. Kg1 Qb6 51. Kf1 Qa6+ 52. Qe2 Qb7 53. Qf3 Qxf3 54. Rxf3 Rf5 55. Rxf5 gxf5 56. Kf2 Kg6 57. Kf3 Kg5 58. h3 Kf6 59. Kf4 Ke6 60. g4 fxg4 61. hxg4 Kf6 62. Kf3 Ke5 63. Ke3 Kd5 64. Kd3 Kd6 65. Kd4 Ke6 66. Ke4 Kf6 67. Kf4 Kg6 68. Kf3 Kg7 69. Ke4 Kf6 70. Kf4 Kg6 71. Kf3 Kg5 72. Kg3 f6 73. Kf3 Kh4 74. Kf4 Kh3 75. Kf3 Kh2 76. Kf2 Kh3 77. Kf3 Kh4 78. Kf4 h5 79. gxh5 Kxh5 80. Kf5 Kh6 81. Kxf6 1/2-1/2